 Seeded DCSS version 0.29.1-15-g9cfb28693d (webtiles) character file.

Game seed: 8515177902725472229 (custom seed)

2 Psyclone the Conjurer (level 1, 10/10 HPs)
             Began as a Deep Elf Conjurer on Oct 4, 2023.
             Quit the game on level 1 of the Dungeon.
             The game lasted 00:00:27 (114 turns).

Psyclone the Conjurer (Deep Elf Conjurer)            Turns: 114, Time: 00:00:27

Health: 10/10      AC:  2    Str:  3    XL:     1   Next: 25%
Magic:  6/6        EV: 13    Int: 21    God:
Gold:   0          SH:  0    Dex: 17    Spells: 5/6 levels left

rFire   . . .      SeeInvis .   (no weapon)
rCold   . . .      Faith    .   (no shield)
rNeg    . . .      Spirit   .   a - +0 robe
rPois   .          Reflect  .   (no helmet)
rElec   .          Harm     .   (no cloak)
rCorr   .          Rampage  .   (no gloves)
Will    .....      Rage     3%  (no boots)
Stlth   ++........              (no amulet)
HPRegen 0.03/turn               (no ring)
MPRegen 0.10/turn               (no ring)

@: no status effects
A: agile 1, berserk 1
a: no special abilities


You were on level 1 of the Dungeon.
You visited 1 branch of the dungeon, and saw 1 of its levels.

Inventory:

Armour
 a - a +0 robe (worn)
Potions
 b - a potion of magic
 c - a potion of curing {unknown}


   Skills:
 - Level 2.4 Dodging
 - Level 2.4 Stealth
 - Level 3.0 Spellcasting
 + Level 4.5 Conjurations


You had 5 spell levels left.
You knew the following spells:

 Your Spells              Type           Power      Damage    Failure   Level
a - Magic Dart            Conj           88%        1d7       1%          1

Your spell library contained the following spells:

 Spells                   Type           Power      Damage    Failure   Level
 Searing Ray              Conj           44%        2d6       3%          2
 Dazzling Flash           Conj/Hex       24%        N/A       16%         3
 Fulminant Prism          Conj/Hex       6%         3d7       45%         4
 Iskenderun's Mystic Bla  Conj/Tloc      12%        2d5       45%         4


Dungeon Overview and Level Annotations

Branches:
Dungeon (1/15) Zot: 5886

Altars:


Innate Abilities, Weirdness & Mutations

You are agile. (Dex +4, Str/Int -1)
You sometimes lose your temper in combat.


Message History

You open the door.
There is an open door here.
You open the door.
Found a sedimented coppery potion.
There is an open door here.
c - a sedimented coppery potion Unknown command.
It was a potion of mutation.
You feel extremely strange.
You feel a little pissed off.
You feel agile.
There is an open door here.
There is an open door here.
There is an open door here.
You see here 5 stones.
c - an amethyst potion
Found a scroll labelled PARPHUNOUG.
A bat comes into view.
Found an amethyst potion.
Casting: Magic Dart (safe; 2% risk of failure)
Confirm with . or Enter, or press ? or * to list all spells.
Aiming: Magic Dart (safe; 2% risk of failure)
Press: ? - help, Shift-Dir - straight line, f - bat
Aim: a bat (asleep, 100% to hit)
The magic dart hits the bat.
You kill the bat!
A rat comes into view.
Casting: Magic Dart (safe; 2% risk of failure)
Confirm with . or Enter, or press ? or * to list all spells.
Aiming: Magic Dart (safe; 2% risk of failure)
Press: ? - help, Shift-Dir - straight line, f - rat
Aim: a rat (wandering, hasn't noticed you, 100% to hit)
The magic dart hits the rat.
You kill the rat!
You now have 4/6 mp.
d - a scroll labelled PARPHUNOUG
There is a stone staircase leading down here.
MP restored: 6 This is a scroll of acquirement!
Something appears at your feet!
Unknown command.
Unknown command.
Are you sure you want to abandon this character and quit the game? (Confirm with "yes".)

#.. #... .##... ##
.....##. #...#..##
#.....##..
#.....##.#
#....@##.# ♣
#...#.##.# ♣♣♣ #..
#.##.#######♣♣♣♣..
#.
#.##..!...........
#
#.##..............
#.##.###..........
#.##.##...........
#.##.##♣.......#..
#....# ♣.......#..


There were no monsters in sight!

Vanquished Creatures
  A bat (D:1)
  A rat (D:1)
2 creatures vanquished.

Notes
Turn   | Place    | Note
-------+----------+-------------------------------------------
     0 | D:1      | Psyclone the Deep Elf Conjurer began the quest for the Orb.
     0 | D:1      | Reached XP level 1. HP: 10/10 MP: 6/6
    55 | D:1      | Gained mutation: You sometimes lose your temper in combat.
                  | [potion of mutation]
    55 | D:1      | Gained mutation: You are agile. (Dex +4, Str/Int -1)
                  | [potion of mutation]
   113 | D:1      | Identified a scroll of acquirement
   113 | D:1      | Acquired 655 gold pieces
   114 | D:1      | Quit the game

Illustrated notes

Levels and vault maps discovered:
D:1:      sevenhm_arrival_forest_fort_large_4, layout_basic,
          nrook_loot_triangle, minmay_lizard_pond

Action                   || total
-------------------------++-------
 Cast: Magic Dart        ||     2
  Use: Scroll            ||     1
       Potion            ||     1
